 Dungeon Crawl Stone Soup version 0.23-a0-46-g8441a8a (webtiles) character file.

5509 BigChef the Spear-Bearer (level 10, -7/80 HPs)
             Began as a Demonspawn Abyssal Knight on Aug 5, 2018.
             Was a High Priest of Lugonu.
             Mangled by an orc warrior
             ... wielding a +0 trident
             ... led by an orc knight
              (16 damage)
             ... on level 1 of the Orcish Mines.
             The game lasted 00:38:56 (6314 turns).

BigChef the Spear-Bearer (DsAK)                     Turns: 6314, Time: 00:38:56

Health: -7/80      AC: 20    Str: 14    XL:     10   Next: 43%
Magic:  11/11      EV:  5    Int: 21    God:    Lugonu [*****.]
Gold:   484        SH:  0    Dex: 13    Spells: 9/9 levels left

rFire    . . .     SeeInvis .   h - +3 spear (pierce)
rCold    + . .     Gourm    .   (no shield)
rNeg     . . .     Faith    +   n - +0 plate armour
rPois    .         Spirit   .   y - +2 helmet
rElec    .         Reflect  .   (no cloak)
rCorr    .         Harm     .   i - +0 pair of gloves
MR       .....                  (no boots)
Stlth    ..........             r - amulet of faith
HPRegen  0.23/turn              j - +6 ring of intelligence
MPRegen  0.12/turn              q - ring of protection from cold

@: no status effects
A: molten scales 1, demonic guardian 2, spiny 2
a: Depart the Abyss, Bend Space, Banish, Corrupt, Enter the Abyss, Renounce
Religion


You were on level 1 of the Orcish Mines.
You worshipped Lugonu.
Lugonu was extremely pleased with you.
You were very full.

You visited 2 branches of the dungeon, and saw 10 of its levels.
You visited the Abyss 1 time.

You collected 604 gold pieces.
You spent 120 gold pieces at shops.

Inventory:

Hand Weapons
 a - a +1 spear
 h - a +3 spear of piercing (weapon)
 E - a cursed -2 halberd
Armour
 i - a +0 pair of gloves (worn)
 n - a +0 plate armour (worn)
 y - a +2 helmet (worn)
Jewellery
 j - a +6 ring of intelligence (left hand)
 k - an uncursed ring of positive energy
 q - a ring of protection from cold (right hand)
 r - an amulet of faith (around neck)
Wands
 t - a wand of acid (7)
 w - a wand of polymorph (11)
 z - a wand of paralysis (16)
Scrolls
 f - 3 scrolls of remove curse
 g - a scroll of blinking {unknown}
 m - 4 scrolls of amnesia
 o - a scroll of brand weapon {unknown}
 p - a scroll of noise {unknown}
 u - a scroll of fear
 x - 2 scrolls of teleportation
 B - a scroll of magic mapping
 C - a scroll of torment {unknown}
 D - a scroll of identify
Potions
 b - a potion of mutation {unknown}
 d - a potion of invisibility
 e - a potion of haste
 l - 3 potions of curing
 s - 2 potions of magic
 v - 2 potions of lignification
 A - a potion of brilliance
Comestibles
 c - 15 rations


   Skills:
 + Level 7.7 Fighting
 + Level 9.9 Polearms
 + Level 7.5 Armour
 + Level 1.6 Dodging
 + Level 3.8 Stealth
 + Level 2.4 Invocations
 + Level 0.5 Evocations


You had 9 spell levels left.
You didn't know any spells.
Your spell library contained the following spells:

 Spells                   Type           Power        Failure   Level  Hunger
 Spider Form              Tmut/Pois      #.........   100%        3    ####...
 Blade Hands              Tmut           #.........   100%        5    ######.
 Ice Form                 Ice/Tmut       #.......     100%        4    #####..
 Sticks to Snakes         Tmut           #.......     100%        2    ###....
 Beastly Appendage        Tmut           #.....       100%        1    ##.....


Dungeon Overview and Level Annotations

Branches:
Dungeon (9/15)             Temple (0/1) D:5            Lair (0/6) D:9
    Orc (1/2) D:9

Altars:
Elyvilon
Qazlal
Sif Muna
Trog
Zin

Shops:
D:5 *=


Innate Abilities, Weirdness & Mutations

You are partially covered in molten scales. (AC +2)
A demonic guardian rushes to your aid.
You are mostly covered in sharp spines.


Message History

The troll is heavily wounded.
Your plate armour prevents you from hitting the troll.
The troll is heavily wounded.
Your ice devil hits the troll.
Your ice devil freezes the troll!!
The troll dies!
Lugonu accepts your kill.
The orc warrior hits you from afar with a trident!!
The orc knight shoots a bolt.
The bolt hits you!
Things that are here:
a bolt; a troll corpse The orc warrior is struck by your spines.
The orc warrior barely misses you.
The orc knight shoots a bolt.
The bolt hits you!
* * * LOW HITPOINT WARNING * * *
You see here a bolt.
You hit the orc warrior.
The orc warrior is moderately wounded.
Your ice devil misses the orc warrior.
The orc warrior hits you with a trident!
You die...

..............>...#
........)......#.##
.......))(....##
........(##....##
..........#.....# #.#. .
.....(.)........###....
......##...........#....
..#..##..o>........#..#
.......((@oo..........#
.........4...........####
##..#.#.#...o.......###.##
## ##...#..#........#...#
##.#...))..#o....#.##
####..#[####.......#
#....## ##o..#.## ##..##
##....# # #...##
#....#...#


You could see an orc knight, 2 orc warriors, an orc and a friendly ice devil.

Vanquished Creatures
  A hippogriff (D:9)
  2 yaks (D:9)
  2 porcupines (D:9)
  A black bear (D:9)
  2 orc warriors
  An ice beast (D:8)
  An ogre (D:8)
  3 centaurs
  A crocodile (D:7)
  6 bullfrogs
  3 big kobolds
  2 scorpions
  3 killer bees (D:9)
  An electric eel (D:9)
  A howler monkey (D:9)
  2 crimson imps
  7 hounds
  2 jellies
  An orc priest (D:7)
  6 orc wizards
  A bullfrog skeleton (D:8)
  2 centaur skeletons
  Jessica (D:8)
  3 iguanas
  5 worker ants
  A hound zombie (D:7)
  2 hound skeletons (D:6)
  A worker ant zombie (D:6)
  A howler monkey skeleton (D:4)
  A howler monkey zombie (D:5)
  9 adders
  A shadow imp (D:5)
  2 adder skeletons
  4 worms
  3 dart slugs
  3 leopard geckos
  27 orcs
  2 ball pythons
  2 giant cockroaches
  6 goblins
  6 hobgoblins
  2 jackals (D:7)
  4 quokkas
  8 bats
  2 frilled lizards (D:2)
  21 kobolds
  A leopard gecko skeleton (D:6)
  A leopard gecko zombie (D:7)
  A quokka skeleton (D:4)
  A quokka zombie (D:7)
  7 rats
  A plant (D:9)
180 creatures vanquished.

Vanquished Creatures (collateral kills)
  A two-headed ogre (D:9)
  A cyclops (Orc:1)
  A troll (Orc:1)
  A hippogriff (D:7)
  4 yaks (D:9)
  2 porcupines (D:9)
  A phantom (D:4)
  2 ice beasts (D:8)
  2 orc warriors
  A black bear (D:9)
  2 ogres
  2 centaurs
  2 big kobolds (D:4)
  2 bullfrogs (D:9)
  A scorpion (D:5)
  A crimson imp (D:7)
  A hound (D:8)
  An orc wizard (D:5)
  3 gnolls (D:8)
  An orc (D:7)
  6 fungi (D:9)
  A plant (D:9)
39 creatures vanquished.

Vanquished Creatures (others)
  8 fungi (D:9)
  A plant (D:9)
9 creatures vanquished.

Grand Total: 228 creatures vanquished

Notes
Turn   | Place    | Note
-------+----------+-------------------------------------------
     0 | Abyss:1  | BigChef the Demonspawn Abyssal Knight began the quest for the Orb.
     0 | Abyss:1  | Reached XP level 1. HP: 18/18 MP: 2/2
   166 | Abyss:1  | Found a corrupted altar of Lugonu.
   171 | D:1      | Escaped the Abyss
   412 | D:1      | Gained mutation: You are partially covered in sharp spines. [demonic ancestry]
   412 | D:1      | Reached XP level 2. HP: 18/24 MP: 3/3
   662 | D:1      | Reached skill level 2 in Polearms
  1011 | D:2      | Reached XP level 3. HP: 26/29 MP: 4/4
  1188 | D:2      | Reached ** piety under Lugonu
  1240 | D:2      | Reached skill level 1 in Dodging
  1529 | D:3      | Reached XP level 4. HP: 31/37 MP: 5/5
  1594 | D:3      | Noticed a bullfrog
  1597 | D:3      | Killed a bullfrog
  1597 | D:3      | Reached skill level 3 in Polearms
  1599 | D:3      | Gained mutation: You are partially covered in molten scales. (AC +2) [demonic ancestry]
  1599 | D:3      | Reached XP level 5. HP: 31/42 MP: 6/6
  1710 | D:3      | Found a bloodstained altar of Trog.
  1918 | D:4      | Reached skill level 4 in Polearms
  1918 | D:4      | Gained mutation: A weak demonic guardian rushes to your aid. [demonic ancestry]
  1918 | D:4      | Reached XP level 6. HP: 28/48 MP: 7/7
  2081 | D:4      | Found a stormy altar of Qazlal.
  2301 | D:4      | Reached *** piety under Lugonu
  2462 | D:4      | Reached XP level 7. HP: 22/55 MP: 8/8
  2645 | D:4      | Reached skill level 5 in Polearms
  2777 | D:5      | Entered Level 5 of the Dungeon
  2829 | D:5      | Reached skill level 1 in Stealth
  2972 | D:5      | Found a staircase to the Ecumenical Temple.
  2986 | D:5      | Found Zanotusm's Assorted Antiques.
  2994 | D:5      | Bought a twisted emerald ring for 120 gold pieces
  3177 | D:5      | Found Fojouso's Jewellery Shoppe.
  3423 | D:6      | Found a glowing silver altar of Zin.
  3542 | D:6      | Reached skill level 6 in Polearms
  3542 | D:6      | Gained mutation: A demonic guardian rushes to your aid. [demonic ancestry]
  3542 | D:6      | Reached XP level 8. HP: 61/61 MP: 9/9
  3570 | D:6      | Reached **** piety under Lugonu
  3949 | D:7      | Reached skill level 5 in Fighting
  3949 | D:7      | Reached skill level 5 in Armour
  4318 | D:7      | Noticed a hippogriff
  4324 | D:7      | Killed a hippogriff
  4324 | D:7      | Reached skill level 7 in Polearms
  4390 | D:8      | Found a white marble altar of Elyvilon.
  4447 | D:8      | Gained mutation: You are mostly covered in sharp spines. [demonic ancestry]
  4447 | D:8      | Reached XP level 9. HP: 53/69 MP: 10/10
  4771 | D:8      | Reached ***** piety under Lugonu
  4867 | D:8      | Noticed Jessica
  4891 | D:8      | Killed Jessica
  4898 | D:8      | Found a deep blue altar of Sif Muna.
  5000 | D:9      | Found a staircase to the Lair.
  5010 | D:9      | Reached skill level 8 in Polearms
  5062 | D:9      | Reached skill level 9 in Polearms
  5161 | D:9      | Found a staircase to the Orcish Mines.
  5227 | D:9      | Reached XP level 10. HP: 51/77 MP: 11/11
  6078 | D:9      | Noticed a two-headed ogre
  6085 | D:9      | Killed a two-headed ogre
  6106 | Orc:1    | Entered Level 1 of the Orcish Mines
  6121 | Orc:1    | Noticed a cyclops
  6136 | Orc:1    | Killed a cyclops
  6287 | Orc:1    | Noticed an orc knight
  6314 | Orc:1    | Mangled by an orc warrior

Vault maps used:
D:1:      matt_arrival_diagonals
D:3:      first_ration, bloody_trog
D:4:      cheibrodos_thug_alley, nicolae_qazlal_eye_of_the_storm
D:5:      temple_pool_b, serial_shops, shop, nicolae_shop_stone
D:6:      zin_scriptorium, serial_corexii_hall, corexii_hall_statues_i,
          corexii_hall_statues_s
D:8:      kennysheep_mini_moat, tgw_sif
D:9:      due_lair_maze_entry_diamond, minivault_19, kennysheep_flooded_box
Orc:1:    basic_altar, nicolae_orc_lava_tube

Skill      XL: |  1  2  3  4  5  6  7  8  9 10 |
---------------+-------------------------------+-----
Armour         | 2 3 4 5 6 7 |  7.5
Polearms       | 2 3 4 6 7 9 |  9.9
Dodging        | 1 |  1.6
Fighting       | 4 5 6 7 |  7.7
Stealth        | 2 3 |  3.8
Invocations    | |  2.4
Evocations     | |  0.5

Action                   |  1- 3 |  4- 6 |  7- 9 | 10-12 || total
-------------------------+-------+-------+-------+-------++-------
Melee: Spear             |    84 |   103 |   252 |   129 ||   568
Evoke: Wand              |       |       |     2 |       ||     2
  Use: Potion            |     1 |       |     3 |     3 ||     7
       Scroll            |       |       |    16 |     1 ||    17
 Stab: Distracted        |       |     2 |     1 |       ||     3
  Eat: Ration            |     1 |     1 |     3 |     2 ||     7
Armor: Ring mail         |    20 |       |       |       ||    20
       Leather armour    |     4 |       |       |       ||     4
       Plate armour      |    19 |    77 |   174 |    60 ||   330
Dodge: Dodged            |    36 |    15 |    48 |    30 ||   129

Table legend:
 A = Spawn XP
 B = Non-spawn XP
 C = Spawn XP percentage of total XP
 D = Spawn monster count
 E = Non-spawn monster count
 F = Spawn count percentage of total count
 G = Total turns spent on level
                    A         B        C        D         E        F      G
               +---------+---------+-------+---------+---------+-------+---------
         Total |       0 |    7870 |   0.0 |       0 |     211 |   0.0 |  6314
               +---------+---------+-------+---------+---------+-------+---------
           D:1 |       0 |      26 |   0.0 |       0 |      15 |   0.0 |   643
           D:2 |       0 |      55 |   0.0 |       0 |      14 |   0.0 |   668
           D:3 |       0 |     211 |   0.0 |       0 |      23 |   0.0 |   414
           D:4 |       0 |     572 |   0.0 |       0 |      27 |   0.0 |   881
           D:5 |       0 |     380 |   0.0 |       0 |      15 |   0.0 |   419
           D:6 |       0 |     346 |   0.0 |       0 |      14 |   0.0 |   715
           D:7 |       0 |     931 |   0.0 |       0 |      24 |   0.0 |   472
           D:8 |       0 |     849 |   0.0 |       0 |      18 |   0.0 |   598
           D:9 |       0 |    3782 |   0.0 |       0 |      50 |   0.0 |  1125
         Orc:1 |       0 |     718 |   0.0 |       0 |      11 |   0.0 |   208
               +---------+---------+-------+---------+---------+-------+---------
